 Dungeon Crawl Stone Soup version 0.31-a0-881-ge136f0c47a (webtiles) character file.

Game seed: 189280955522753526

519 Spaninq the Changeling (level 7, -2/67 HPs)
             Began as a Troll Shapeshifter on Oct 15, 2023.
             Slain by a gnoll sergeant
             ... wielding a +1 spear of freezing
              (5 damage)
             ... on level 5 of the Dungeon.
             The game lasted 00:07:46 (4223 turns).

Spaninq the Changeling (Troll Shapeshifter)         Turns: 4223, Time: 00:07:48

Health: -2/67      AC:  4    Str: 25    XL:     7   Next: 1%
Magic:  6/6        EV:  9    Int:  6    God:
Gold:   283        SH:  0    Dex:  9    Spells: 6/6 levels left

rFire   + .          .
                       - Unarmed
rCold   . . .        (no shield)
rNeg    . . .        a - +0 animal skin
rPois   .            (helmet currently unavailable)
rElec   .            (cloak currently unavailable)
rCorr   .            (gloves unavailable)
SInv    .            (boots unavailable)
Will    .....        l - amulet of regeneration
Stlth   +            q - ring of protection from fire
HPRegen 1.91/turn    (no ring)
MPRegen 0.10/turn

%: no passive effects
@: beast-form
A: beast (slay +3), large, unfitting armour, claws 3, regeneration 1, shaggy fur
1, tough skin 1
a: Begin Untransformation


You were on level 5 of the Dungeon.
You were a hulking beast.
You visited 2 branches of the dungeon, and saw 6 of its levels.

You collected 283 gold pieces.

Inventory:

Missiles
 x - a throwing net
Armour
 a - a +0 animal skin (worn)
Jewellery
 l - an amulet of regeneration (around neck)
 m - a ring of ice
 q - a ring of protection from fire (left claw)
Talismans
 c - a beast talisman (active)
 d - a flux talisman
Wands
 s - a wand of iceblast (12)
Scrolls
 h - 3 scrolls of identify {unknown}
 i - 3 scrolls of noise {unknown}
 k - 3 scrolls of vulnerability {unknown}
 o - 2 scrolls of teleportation {unknown}
 p - a scroll of enchant weapon {unknown}
 r - a scroll of brand weapon {unknown}
 u - 3 scrolls of fear {unknown}
 v - a scroll of silence {unknown}
 w - a scroll of amnesia {unknown}
Potions
 b - a potion of lignification
 e - 3 potions of invisibility {unknown}
 f - a potion of curing {unknown}
 g - 2 potions of heal wounds {unknown}
 j - a potion of enlightenment {unknown}
 n - a potion of brilliance {unknown}
 t - a potion of degeneration {unknown}


   Skills:
 + Level 3.4 Fighting
 - Level 1.5 Dodging
 - Level 3.0 Unarmed Combat
 * Level 6.3 Shapeshifting


You had 6 spell levels left.
You didn't know any spells.
Your spell library contained the following spells:

 Spells                   Type           Power      Damage    Failure   Level
 Magic Dart               Conj           0%         1d3       45%         1
 Sandblast                Erth           0%         2d4       45%         1
 Call Imp                 Summ           0%         N/A       58%         2
 Passwall                 Tmut/Erth      0%         N/A       58%         2
 Mephitic Cloud           Conj/Pois/Air  0%         N/A       83%         3
 Stone Arrow              Conj/Erth      0%         3d7       83%         3
 Brom's Barrelling Bould  Conj/Erth      0%         2d3       99%         4


Dungeon Overview and Level Annotations

Branches:
Dungeon (5/15)             Temple (1/1) D:4

Altars:
Ashenzari
Cheibriados
Dithmenos
Elyvilon
Gozag
Hepliaklqana
Kikubaaqudgha
Makhleb
Nemelex Xobeh
Okawaru
Ru
Uskayaw
Vehumet
Wu Jian
Xom
Yredelemnul
Zin
The Shining One

Shops:
D:4 =

Annotations:
D:4 2 runed translucent doors, javelincjr's ghost, amateur MiSh


Innate Abilities, Weirdness & Mutations

You are a hulking beast.
Your limbs bulge with bestial killing power. (Slay +3)
You are too large for most types of armour.
You have claws for hands.
Your natural rate of healing is unusually fast.
You are covered in fur. (AC +1)
You have tough skin. (AC +1)


Message History

You kill the centaur!
You have reached level 7!
You mangle the dart slug!!
You kill the dart slug!
HP restored.
Found a rapier.
u - 3 scrolls labelled VOUKIEDOGRILEA (gained 1)
Found a club.
Found 6 stones.
Found 4 stones.
Found a pitted helmet.
A gnoll sergeant and a gnoll come into view.
The gnoll sergeant is wielding a +1 spear of freezing.
The gnoll is wielding a +2 heavy spear.
The gnoll sergeant shouts!
The gnoll shouts!
You hear an angry hiss.
An iguana comes into view.
A gnoll comes into view. It is wielding a +0 spear of flaming.
The gnoll throws a throwing net.
The throwing net barely misses you.
You see here a throwing net.
The gnoll sergeant barely misses you. The gnoll sergeant blocks your attack.
The gnoll sergeant hits you with a +1 spear of freezing!
The gnoll sergeant freezes you.
The gnoll hits you with a +2 heavy spear!
The gnoll sergeant hits you from afar with a +1 spear of freezing!
The gnoll sergeant freezes you.
You closely miss the gnoll.
The gnoll sergeant hits you from afar with a +1 spear of freezing!
The gnoll sergeant freezes you.
The gnoll hits you with a +2 heavy spear.
* * * LOW HITPOINT WARNING * * *
You barely miss the gnoll.
The gnoll sergeant hits you but does no damage.
You claw the gnoll!
The gnoll is severely wounded.
The gnoll hits you with a +2 heavy spear!
* * * LOW HITPOINT WARNING * * *
The gnoll sergeant hits you from afar with a +1 spear of freezing!
* * * LOW HITPOINT WARNING * * *
The gnoll sergeant freezes you.
You die...

..........###############........
#....##.....# #........
#.........#.# #........
.....#.####.# #........
#....#.##...# #........
#....#....### #........
#...####### ...####### ###.##...#
####### .....# #......# #..hg.#
..... ####...# #g###.# .....
###...# #l#.. # <...
###....######.#.# #.....
#..........##.#.###......
#..........##.#........##
#..........##.#.##.......
#..........##............
#.............#..........


You could see a gnoll sergeant and a gnoll.

Vanquished Creatures
  A centaur (D:5)
  A scorpion (D:3)
  A howler monkey (D:4)
  2 orc priests
  An iguana (D:4)
  8 gnolls
  8 adders
  2 worms
  4 dart slugs
  16 orcs
  7 ball pythons
  6 endoplasms
  6 giant cockroaches
  4 hobgoblins
  6 kobolds
  4 quokkas
  6 bats
  3 frilled lizards
  7 goblins
  A rat (D:2)
94 creatures vanquished.

Notes
Turn   | Place    | Note
-------+----------+-------------------------------------------
     0 | D:1      | Spaninq the Troll Shapeshifter began the quest for the Orb.
     0 | D:1      | Reached XP level 1. HP: 18/18 MP: 0/0
   101 | D:1      | Reached skill level 1 in Fighting
   164 | D:1      | Reached XP level 2. HP: 27/27 MP: 1/1
   755 | D:2      | Reached XP level 3. HP: 30/33 MP: 2/2
   820 | D:2      | Reached skill level 4 in Shapeshifting
   944 | D:2      | Reached XP level 4. HP: 40/42 MP: 3/3
  1745 | D:3      | Noticed a scorpion
  1760 | D:3      | Killed a scorpion
  1761 | D:3      | Reached skill level 5 in Shapeshifting
  1761 | D:3      | Reached XP level 5. HP: 43/50 MP: 4/4
  3179 | D:4      | Found a shadowy altar of Dithmenos.
  3224 | D:4      | Reached XP level 6. HP: 59/59 MP: 5/5
  3306 | D:4      | Found Hahuna's Jewellery Shoppe.
  3457 | D:4      | Found a basalt altar of Yredelemnul.
  3573 | D:4      | Found a staircase to the Ecumenical Temple.
  3591 | Temple   | Entered the Ecumenical Temple
  3621 | D:4      | Found a large runed translucent door.
  3623 | D:4      | Found a large runed translucent door.
  3625 | D:4      | Noticed javelincjr's ghost (amateur MiSh)
  3753 | D:4      | Reached skill level 6 in Shapeshifting
  4087 | D:5      | Entered Level 5 of the Dungeon
  4135 | D:5      | Reached XP level 7. HP: 49/67 MP: 6/6
  4223 | D:5      | HP: 3/67 [gnoll sergeant/+1 spear of freezing (10)]
  4223 | D:5      | Slain by a gnoll sergeant

Illustrated notes

Levels and vault maps discovered:
D:1:      grunt_arrival_crossed_arrows, layout_basic, minivault_19
D:2:      layout_basic, minivault_19, amcnicky_mini_pool_small
D:3:      layout_basic, minmay_box_of_dots
D:4:      layout_basic, grunt_dithmenos_smoke, nicolae_overflow_hidden_temple,
          minmay_temple_entry_antechambers, ebering_ghost_disaster_area,
          serial_shops, nicolae_shop_crystal
D:5:      layout_basic, grunt_temple_overflow_forces_of_nature
Temple:   kb_temple_of_zot

Skill      XL: |  1  2  3  4  5  6 |
---------------+-------------------+-----
Fighting       | 1 2 3 |  3.4
Shapeshifting  | 4 5 6 |  6.3
Dodging        | |  1.5
Unarmed Combat | |  3.0

Action                     |  1- 3 |  4- 6 |  7- 9 || total
---------------------------+-------+-------+-------++-------
  Melee: Unarmed           |    69 |   170 |     5 ||   244
         Punch             |     2 |     2 |       ||     4
   Stab: Sleeping          |     1 |     1 |       ||     2
 Armour: Animal skin       |    48 |   104 |     8 ||   160
  Dodge: Dodged            |    25 |    58 |     2 ||    85

Table legend: (Time is in decaauts)
 A = Elapsed time spent in this place.
 B = Non-inter-level travel time spent in this place.
 C = Inter-level travel time spent in this place.
 D = Time resting spent in this place.
 E = Time spent auto-exploring this place.
 F = Levels seen in this place.
 G = Mean time per level.
                   A        B        C        D        E       F      G
               +--------+--------+--------+--------+--------+-----+--------+
         Total |   4208 |   3991 |    217 |      0 |   3287 |   6 |  701.3 |
       Dungeon |   4189 |   3972 |    217 |      0 |   3287 |   5 |  837.8 |
        Temple |     19 |     19 |      0 |      0 |      0 |   1 |   19.0 |
               +--------+--------+--------+--------+--------+-----+--------+

Top non-repeatable levels by time:
     D:3: 1350 daAuts
     D:4: 1014 daAuts
     D:2: 965 daAuts
     D:1: 723 daAuts
     D:5: 135 daAuts
  Temple: 19 daAuts
